Match 41224552
Unlisted

Match 41224552
End
Kettenkrad Recon Vehicle
Construct Infanterie Kompanie
Selects Terror Battlegroup
MG 42 Machine Gun Team
Selects Machine Gun Camouflage
MG 42 Machine Gun Team
Grenadier Squad
Selects Contempt for the Weak
Construct Panzergrenadier Kompanie
251 Medium Carrier
Panzergrenadier Squad
Pak 40 Anti-tank Gun Team
Panzergrenadier Squad
Selects Propaganda Leaflet Drop
Propaganda Leaflet Drop
Construct Panzer Kompanie
MG 42 Machine Gun Team
Stoßtruppen Squad
Propaganda Leaflet Drop
Panzer IV Medium Tank
Propaganda Leaflet Drop
Selects V1 Rocket Strike
Pioneer Squad
Propaganda Leaflet Drop
Theprophetfire
Guardians_folly
krashbandicoot
Naegele
0
0

Comments sign in to comment!

No comments posted yet!